 Dungeon Crawl Stone Soup version 0.31-a0-833-gc15d34cb79 (webtiles) character file.

Game seed: 5710131226120754126

131 javelincjr the Insei (level 4, -1/25 (34) HPs)
             Began as a Demonspawn Shapeshifter on Sept 25, 2023.
             Killed by divine providence
             ... invoked by an orc priest
              (14 damage)
             ... on level 3 of the Dungeon.
             The game lasted 00:06:27 (1972 turns).

javelincjr the Insei (Demonspawn Shapeshifter)      Turns: 1972, Time: 00:06:28

HP:   -1/25 (34)    AC:  3    Str: 14    XL:     4   Next: 91%
MP:   4/4           EV: 13    Int: 11    God:
Gold: 39            SH:  0    Dex: 15    Spells: 3/3 levels left

rFire   . .          .
                       - Unarmed
rCold   . . .        (no shield)
rNeg    . . .        j - +1 animal skin
rPois   .            k - melded +0 helmet
rElec   .            l - melded scarf {repulsion}
rCorr   .            g - melded +0 pair of gloves
SInv    .            (boots currently unavailable)
Will    .....        (no amulet)
Stlth   +            (no ring)
HPRegen 0.24/turn    (no ring)
MPRegen 0.09/turn

%: no passive effects
@: beast-form, very heavily drained
A: beast (slay +1), ignite blood 1, demonic magic 1
a: Begin Untransformation


You were on level 3 of the Dungeon.
You were a hulking beast.
You visited 1 branch of the dungeon, and saw 3 of its levels.

You collected 39 gold pieces.

Inventory:

Hand Weapons
 r - a +0 dagger of draining
Armour
 a - a +0 animal skin
 g - a +0 pair of gloves (melded)
 j - a +1 animal skin (worn)
 k - a +0 helmet (melded)
 l - a scarf of repulsion (melded)
Jewellery
 o - an amulet of magic regeneration
Talismans
 c - a beast talisman (active)
 d - a flux talisman
Wands
 q - a wand of polymorph (9)
Scrolls
 f - 4 scrolls of identify {unknown}
 h - a scroll of enchant armour {unknown}
 i - a scroll of poison {unknown}
 p - 3 scrolls of fear {unknown}
Potions
 b - a potion of lignification
 e - a potion of ambrosia {unknown}
 m - a potion of attraction {unknown}
 n - a potion of curing {unknown}


   Skills:
 + Level 2.4 Fighting
 + Level 2.7 Dodging
 + Level 3.4 Unarmed Combat
 + Level 3.3 Shapeshifting


You had 3 spell levels left.
You didn't know any spells.
Your spell library was empty.

Dungeon Overview and Level Annotations

Branches:
Dungeon (3/15)

Altars:


Innate Abilities, Weirdness & Mutations

You are a hulking beast.
Your limbs bulge with bestial killing power. (Slay +1)
Your demonic aura sometimes causes spilled blood to erupt in flames.
Spells you cast may paralyse adjacent enemies.


Message History

Ijyb is almost dead.
Ijyb misses you.
You closely miss Ijyb.
Ijyb is almost dead.
Ijyb zaps a wand.
You resist with some effort.
You miss Ijyb.
Ijyb is almost dead.
Ijyb barely misses you.
You closely miss Ijyb.
Ijyb is almost dead.
Ijyb barely misses you.
You completely miss Ijyb.
Ijyb is almost dead.
Ijyb barely misses you.
You hit Ijyb.
You kill Ijyb!
q - a wand of polymorph (9)
Things that are here:
a +0 dagger of draining; a +0 leather armour
r - a +0 dagger of draining Done exploring.
You see here 5 stones.
There is a stone staircase leading down here.
You climb downwards.
There is a stone staircase leading up here.
An orc comes into view. It is wielding a +0 war axe.
An orc priest and an endoplasm come into view.
Found an escape hatch in the ceiling.
An orc wizard comes into view. It is wielding a +0 dagger.
The orc hits you with a +0 war axe.
You barely miss the orc.
The orc priest shouts!
The orc wizard shouts!
The orc hits you with a +0 war axe!
An orc comes into view. It is wielding a +0 club.
You hit the orc.
The orc is moderately wounded.
The orc priest calls down the wrath of Beogh upon you.
Beogh smites you!
Ouch! That really hurt!
You die...

##.<.....#
...J....# .......#
...... ...#
########.# .
###........####..o.
#..........ho...o.o
#.#.######.#######.
#.#.# #.# #####.#.#
#.# #...<.#.# ..#
#.#####.# ### #.#
..#


You could see an orc priest, an orc wizard, 2 orcs and an endoplasm (asleep).

Vanquished Creatures
  Jessica (D:3)
  Ijyb (D:2)
  Robin (D:2)
  A dart slug (D:1)
  6 bats
  2 endoplasms (D:1)
  2 giant cockroaches
  5 hobgoblins
  8 jackals (D:1)
  3 kobolds
  3 quokkas
  10 ball pythons
  2 frilled lizards
  12 goblins
  4 rats (D:1)
61 creatures vanquished.

Notes
Turn   | Place    | Note
-------+----------+-------------------------------------------
     0 | D:1      | javelincjr the Demonspawn Shapeshifter began the quest for
                  | the Orb.
     0 | D:1      | Reached XP level 1. HP: 15/15 MP: 1/1
   158 | D:1      | Gained mutation: Spells you cast may paralyse adjacent
                  | enemies. [demonic ancestry]
   158 | D:1      | Reached XP level 2. HP: 21/21 MP: 2/2
   324 | D:1      | Reached XP level 3. HP: 18/26 MP: 3/3
   832 | D:2      | Noticed Robin
  1014 | D:2      | Killed Robin
  1015 | D:2      | Gained mutation: Your demonic aura sometimes causes spilled
                  | blood to erupt in flames. [demonic ancestry]
  1015 | D:2      | Reached XP level 4. HP: 14/33 MP: 4/4
  1755 | D:3      | Noticed Jessica
  1775 | D:3      | Killed Jessica
  1853 | D:3      | Noticed Ijyb
  1928 | D:2      | Killed Ijyb
  1972 | D:3      | Killed from afar by an orc priest

Illustrated notes

Levels and vault maps discovered:
D:1:      dpeg_arrival_short_road, layout_basic, minmay_small_reverse_x
D:2:      layout_loops_cross, kennysheep_generic_room_4, uniq_robin
D:3:      layout_loops_ring, amcnicky_mini_rare_corridor_liquid,
          dk_noncrumbling_3, uniq_jessica, uniq_ijyb, uniq_sigmund

Skill      XL: |  1  2  3 |
---------------+----------+-----
Dodging        | 2 |  2.7
Unarmed Combat | 3 |  3.4
Shapeshifting  | 3 |  3.3
Fighting       | 2 |  2.4

Action                     |  1- 3 |  4- 6 || total
---------------------------+-------+-------++-------
  Melee: Unarmed           |   166 |    62 ||   228
         Punch             |     3 |     1 ||     4
Ability: Begin Untransform |       |     1 ||     1
   Stab: Sleeping          |     1 |     3 ||     4
 Armour: Animal skin       |   108 |    26 ||   134
         Skin              |       |     1 ||     1
  Dodge: Dodged            |   136 |    23 ||   159
   Form: Beast             |       |     1 ||     1

Table legend: (Time is in decaauts)
 A = Elapsed time spent in this place.
 B = Non-inter-level travel time spent in this place.
 C = Inter-level travel time spent in this place.
 D = Time resting spent in this place.
 E = Time spent auto-exploring this place.
 F = Levels seen in this place.
 G = Mean time per level.
                   A        B        C        D        E       F      G
               +--------+--------+--------+--------+--------+-----+--------+
         Total |   1953 |   1847 |    106 |    127 |   1267 |   3 |  651.0 |
       Dungeon |   1953 |   1847 |    106 |    127 |   1267 |   3 |  651.0 |
               +--------+--------+--------+--------+--------+-----+--------+

Top non-repeatable levels by time:
     D:1: 984 daAuts
     D:2: 819 daAuts
     D:3: 149 daAuts
